 Dungeon Crawl Stone Soup version 0.30-a0-40-gc6d0f036a7 (webtiles) character file.

Game seed: 706467739027036830

458 wilfster70 the Digger (level 7, -5/36 HPs)
             Began as a Gargoyle Earth Elementalist on Aug 29, 2022.
             Slain by an orc warrior
             ... wielding a +0 falchion
              (12 damage)
             ... on level 4 of the Dungeon.
             The game lasted 00:06:50 (4317 turns).

wilfster70 the Digger (Gargoyle Earth Elementalist) Turns: 4317, Time: 00:06:51

Health: -5/36      AC:  7    Str: 11    XL:     7   Next: 6%
Magic:  2/13       EV: 11    Int: 18    God:
Gold:   187        SH:  0    Dex: 10    Spells: 10/14 levels left

rFire   . . .      SeeInvis .    a - +0 spear
rCold   . . .      Faith    .    (no shield)
rNeg    + . .      Spirit   .    d - +1 robe
rPois   ∞          Reflect  .    (no helmet)
rElec   +          Harm     .    (no cloak)
rCorr   .          Rampage  .    (no gloves)
Will    .....                    (no boots)
Stlth   ++........               (no amulet)
HPRegen 0.12/turn                (no ring)
MPRegen 0.13/turn                (no ring)

@: very slightly contaminated
A: sickness immunity, AC +4, negative energy resistance 1, electricity
resistance, torment resistance 1, petrification resistance
a: no special abilities


You were on level 4 of the Dungeon.
You visited 1 branch of the dungeon, and saw 5 of its levels.

You collected 187 gold pieces.

Inventory:

Hand Weapons
 a - a +0 spear (weapon)
Missiles
 c - 14 poisoned darts
Armour
 d - a +1 robe (worn)
Jewellery
 h - a ring of wizardry
Wands
 k - a wand of paralysis (4)
Scrolls
 e - a scroll of teleportation
 r - a scroll of identify
Potions
 b - 3 potions of magic
 f - 2 potions of heal wounds
 g - a potion of mutation {unknown}
 i - a potion of attraction {unknown}
 j - a potion of berserk rage {unknown}
 l - a potion of brilliance {unknown}


   Skills:
 - Level 1.5 Dodging
 - Level 2.1 Stealth
 + Level 4.1 Spellcasting
 - Level 0.7 Transmutations
 * Level 7.9 Earth Magic


You had 10 spell levels left.
You knew the following spells:

 Your Spells              Type           Power      Damage    Failure   Level
a - Sandblast             Erth           64%        2d14      1%          1
b - Stone Arrow           Conj/Erth      36%        3d9       9%          3

Your spell library contained the following spells:

 Spells                   Type           Power      Damage    Failure   Level
 Passwall                 Tmut/Erth      15%        N/A       3%          2
 Petrify                  Tmut/Erth      19%        N/A       24%         4


Dungeon Overview and Level Annotations

Branches:
Dungeon (5/15)
 Temple: D:4-7

Altars:
Cheibriados
The Shining One


Innate Abilities, Weirdness & Mutations

You are immune to sickness and miasma.
Your stone body is resilient. (AC +4)
You are immune to poison.
You resist negative energy. (rN+)
You are resistant to electric shocks. (rElec)
You are resistant to unholy torment.
You are immune to petrification.


Message History

The orc warrior hits you with a +0 falchion!
The orc warrior hits you with a +0 falchion!
You climb upwards.
There is a stone staircase leading down here.
Casting: Sandblast (safe; 1% risk of failure)
Confirm with . or Enter, or press ? or * to list all spells.
Aiming: Stone Arrow (dangerous; 9% risk of failure)
Press: ? - help, Shift-Dir - straight line, f - orc warrior
Aim: an orc warrior, wielding a +0 falchion, wearing a +0 chain mail and wearing a +0 kite shield (lightly wounded, 68% to hit)
You miscast Stone Arrow.
You are very lightly contaminated with residual magic.
Nothing appears to happen.
The orc warrior hits you with a +0 falchion!
* * * LOW HITPOINT WARNING * * *
Casting: Stone Arrow (dangerous; 9% risk of failure)
Confirm with . or Enter, or press ? or * to list all spells.
Aiming: Stone Arrow (dangerous; 9% risk of failure)
Press: ? - help, Shift-Dir - straight line, f/p - orc warrior
Aim: an orc warrior, wielding a +0 falchion, wearing a +0 chain mail and wearing a +0 kite shield (lightly wounded, 68% to hit)
The stone arrow misses the orc warrior.
The orc warrior hits you with a +0 falchion.
* * * LOW HITPOINT WARNING * * *
Casting: Stone Arrow (dangerous; 9% risk of failure)
Confirm with . or Enter, or press ? or * to list all spells.
Aiming: Sandblast (safe; 1% risk of failure)
Press: ? - help, Shift-Dir - straight line, f/p - orc warrior
Aim: an orc warrior, wielding a +0 falchion, wearing a +0 chain mail and wearing a +0 kite shield (lightly wounded, 84% to hit)
The blast of sand hits the orc warrior!
The orc warrior is heavily wounded.
The orc warrior hits you but does no damage.
Casting: Sandblast (safe; 1% risk of failure)
Confirm with . or Enter, or press ? or * to list all spells.
Aiming: Sandblast (safe; 1% risk of failure)
Press: ? - help, Shift-Dir - straight line, f/p - orc warrior
Aim: an orc warrior, wielding a +0 falchion, wearing a +0 chain mail and wearing a +0 kite shield (heavily wounded, 84% to hit)
The blast of sand hits the orc warrior but does no damage.
The orc warrior is heavily wounded.
The orc warrior barely misses you.
The orc warrior hits you with a +0 falchion!
You die...

#######.##.....#
#.......#
#.......########
#...:...#
#+#####.......#
#########
...#....#####.#
...#.##.# #.#
...#.##.# ###'######
#....##.# #.^......#
###########........#
### #......@..# #.#
#.......o.# ####.#
#.........# .....#
#.........#
####.#####.#########
...#†##....#
#.##.##.##########
...#.........>...#
#..#....########.#


You could see an orc warrior.

Vanquished Creatures
  Blork the orc (D:4)
  A necrophage (D:5)
  2 scorpions
  2 hounds (D:4)
  4 gnolls
  3 adders (D:2)
  3 worms
  A dart slug (D:1)
  9 orcs
  3 bats
  3 endoplasms
  2 giant cockroaches (D:3)
  6 goblins
  5 hobgoblins
  2 jackals (D:4)
  8 quokkas
  3 ball pythons
  3 frilled lizards
  7 kobolds
  2 rats (D:1)
70 creatures vanquished.

Notes
Turn   | Place    | Note
-------+----------+-------------------------------------------
     0 | D:1      | wilfster70 the Gargoyle Earth Elementalist began the quest
                  | for the Orb.
     0 | D:1      | Reached XP level 1. HP: 10/10 MP: 3/3
   137 | D:1      | Found a faded altar of an unknown god.
   208 | D:1      | Reached skill level 4 in Earth Magic
   251 | D:1      | Reached XP level 2. HP: 15/15 MP: 3/5
  1181 | D:2      | Reached XP level 3. HP: 19/19 MP: 3/6
  1348 | D:2      | Reached skill level 5 in Earth Magic
  1512 | D:2      | Reached XP level 4. HP: 20/24 MP: 4/8
  1516 | D:2      | Learned a level 3 spell: Stone Arrow
  2256 | D:3      | Found a snail-covered altar of Cheibriados.
  2257 | D:3      | Found a glowing golden altar of the Shining One.
  2260 | D:3      | Reached XP level 5. HP: 28/28 MP: 6/9
  3086 | D:3      | Reached skill level 6 in Earth Magic
  3760 | D:4      | Noticed Blork the orc
  3768 | D:4      | Killed Blork the orc
  3769 | D:4      | Reached skill level 7 in Earth Magic
  3769 | D:4      | Reached XP level 6. HP: 27/32 MP: 6/11
  4139 | D:5      | Entered Level 5 of the Dungeon
  4145 | D:5      | Reached XP level 7. HP: 36/36 MP: 6/13
  4317 | D:4      | Slain by an orc warrior

Illustrated notes

Levels and vault maps discovered:
D:1:      lightli_arrival_quake, layout_basic, ebering_ecumenical_altar_webs,
          minmay_tiny_reverse_x
D:2:      layout_basic, st_stairs_1, roderic_roman_lattice, minmay_octomino_j4
D:3:      layout_basic, mainiacjoe_overflow_divided_tiny, grunt_decor_fettered
D:4:      layout_basic, uniq_blork_the_orc
D:5:      layout_cave_pools, lemuel_round_altar, serial_shops,
          nicolae_shop_competitors_out_of_business, sword_in_stone

Skill      XL: |  1  2  3  4  5  6 |
---------------+-------------------+-----
Earth Magic    | 4 5 7 |  7.9
Spellcasting   | 3 4 |  4.1
Dodging        | |  1.5
Stealth        | |  2.1
Transmutations | |  0.7

Action                   |  1- 3 |  4- 6 |  7- 9 || total
-------------------------+-------+-------+-------++-------
Melee: Unarmed           |     1 |       |       ||     1
       Spear             |       |     1 |       ||     1
 Cast: Sandblast         |    33 |    75 |     6 ||   114
       Stone Arrow       |       |       |     1 ||     1
  Use: Scroll            |     1 |     4 |       ||     5
Armor: Robe              |     4 |    12 |     2 ||    18
Dodge: Dodged            |    15 |    14 |     1 ||    30

Table legend: (Time is in decaauts)
 A = Elapsed time spent in this place.
 B = Non-inter-level travel time spent in this place.
 C = Inter-level travel time spent in this place.
 D = Time resting spent in this place.
 E = Time spent auto-exploring this place.
 F = Levels seen in this place.
 G = Mean time per level.
                   A        B        C        D        E       F      G
               +--------+--------+--------+--------+--------+-----+--------+
         Total |   4375 |   4307 |     68 |    881 |   2466 |   5 |  875.0 |
       Dungeon |   4375 |   4307 |     68 |    881 |   2466 |   5 |  875.0 |
               +--------+--------+--------+--------+--------+-----+--------+

Top non-repeatable levels by time:
     D:1: 1478 daAuts
     D:3: 1316 daAuts
     D:4: 812 daAuts
     D:2: 734 daAuts
     D:5: 32 daAuts
